 Dungeon Crawl Stone Soup version 0.30.0-13-g156ef70053 (webtiles) character file.

Game seed: 5820991045833091693

0 ProzacElf the Ducker (level 1, -1/13 HPs)
             Began as a Demonspawn Wanderer on May 18, 2023.
             Slain by a goblin
             ... wielding a +0 club
              (4 damage)
             ... on level 1 of the Dungeon.
             The game lasted 00:00:48 (66 turns).

ProzacElf the Ducker (Demonspawn Wanderer)            Turns: 66, Time: 00:00:48

Health: -1/13      AC:  3    Str: 10    XL:     1   Next: 8%
Magic:  3/3        EV: 13    Int: 14    God:
Gold:   23         SH:  0    Dex: 13    Spells: 4/4 levels left

rFire   . . .        a - +0 short sword
rCold   . . .        (no shield)
rNeg    . . .        e - +0 leather armour
rPois   .            (no helmet)
rElec   .            (no cloak)
rCorr   .            (no gloves)
SInv    .            (no boots)
Will    .....        (no amulet)
Stlth   +            (no ring)
HPRegen 0.22/turn    (no ring)
MPRegen 0.08/turn

%: no passive effects
@: no status effects
A: no striking features
a: no special abilities


You were on level 1 of the Dungeon.
You visited 1 branch of the dungeon, and saw 1 of its levels.

You collected 23 gold pieces.

Inventory:

Hand Weapons
 a - a +0 short sword (weapon)
 f - a +0 dagger
Missiles
 b - 2 throwing nets (quivered)
Armour
 e - a +0 leather armour (worn)
Scrolls
 c - a scroll of teleportation
 g - a scroll of identify {unknown}
Potions
 d - a potion of might
 h - a potion of curing {unknown}


   Skills:
 + Level 0.0 Short Blades
 - Level 4.5 Dodging
 + Level 1.0 Stealth
 - Level 2.0 Spellcasting
 + Level 2.2 Necromancy


You had 4 spell levels left.
You didn't know any spells.
Your spell library contained the following spells:

 Spells                   Type           Power      Damage    Failure   Level
 Sublimation of Blood     Necr           7%         N/A       21%         2
 Cigotuvi's Dreadful Rot  Necr/Pois/Air  6%         N/A       36%         2


Dungeon Overview and Level Annotations

Branches:
Dungeon (1/15)

Altars:


Message History

Ye now haf 14 gold pieces.
h - a lumpy emerald potion Ye now haf 23 gold pieces (gain'd 9).
Ye op'n tha door.
Thar be an op'n door 'ere.
Ye op'n tha door.
Found 2 boomerangs o' dispersal.
Thar be an op'n door 'ere.
A kobold comes inta view.
It be wieldin' a +0 short sword.
Tha kobold shouts!
Tha kobold throws a stone.
Tha stone closely misses ye.
Found 15 gold pieces.
Tha kobold throws a stone.
Tha stone barely misses ye.
A goblin comes inta view.
It be wieldin' a +0 club.
Tha goblin shouts!
Tha kobold throws a stone.
Tha stone hits ye but does nay damage.
Tha kobold throws a stone.
Tha stone hits ye but does nay damage.
Tha kobold hits ye wit' a +0 short sword.
Ye take 3 damage, an' haf 10/13 hp.
MASSIVE DAMAGE!!
Ye closely miss tha kobold.
Tha kobold misses ye.
Ye barely miss tha kobold.
Tha kobold hits ye wit' a +0 short sword.
Ye take 1 damage, an' haf 9/13 hp.
Ye hit tha kobold but do nay damage.
Tha kobold misses ye.
Ye hit tha kobold but do nay damage.
Tha kobold hits ye wit' a +0 short sword.
Ye take 2 damage, an' haf 7/13 hp.
Ye hit tha kobold.
Ye kill tha kobold!
Tha goblin hits ye wit' a +0 club.
* * * LOW HITPOINT WARNIN'
* * * Ye take 4 damage, an' haf 3/13 hp.
MASSIVE DAMAGE!!
Ye be too injured ta fight recklessly!
Ye be too injured ta fight recklessly!
Ye be too injured ta fight recklessly!
Ye be too injured ta fight recklessly!
Ye be too injured ta fight recklessly!
Ye hit tha goblin.
Tha goblin be severely wounded.
Tha goblin hits ye wit' a +0 club.
Ye die...

#........ ##...$...
### #.g..... ....
......# .... .(...
.. #..# ... #####..
#..####.# ##...##.
#.).##.# #.....#.
#@g..###..<..#.##
#......#.....#..##
#####...##...###..#
##...#'...+###'.#.'#
#.....#...........#.
#.....#.....⌠####.#
#.....#......####.#
###...#'...........+
#.#####..###..#.....


You could see a goblin.

Vanquished Creatures
  A kobold (D:1)
1 creature vanquished.

Notes
Turn   | Place    | Note
-------+----------+-------------------------------------------
     0 | D:1      | ProzacElf the Demonspawn Wanderer began the quest for the
                  | Orb.
     0 | D:1      | ProzacElf set off with the following items: a +0 dagger, 2
                  | throwing nets, a scroll of teleportation, a potion of
                  | might, a +0 leather armour; and the following spells
                  | available to memorise: Sublimation of Blood, Cigotuvi's
                  | Dreadful Rot.
     0 | D:1      | Reached XP level 1. HP: 13/13 MP: 3/3
    66 | D:1      | Slain by a goblin

Illustrated notes

Levels and vault maps discovered:
D:1:      noname_arrival_rooms_in_the_neighbourhood, layout_rooms, minivault_25

Action                     || total
---------------------------++-------
  Melee: Short sword       ||     6
 Armour: Leather armour    ||     2
  Dodge: Dodged            ||     4

Action                     || total
---------------------------++-------
  Melee: Short sword       ||     6
 Armour: Leather armour    ||     2
  Dodge: Dodged            ||     4

Levels and vault maps discovered:
D:1:      noname_arrival_rooms_in_the_neighbourhood, layout_rooms, minivault_25
